 Dungeon Crawl Stone Soup version 0.27.0-1-g7a089689b8 (webtiles) character file.

Game seed: 15177809995024616058

93 SnakkuSnakku7 the Shield-Bearer (level 4, 0/26 HPs)
             Began as a Gargoyle Necromancer on Aug 5, 2021.
             Slain by Natasha (3 damage)
             ... on level 3 of the Dungeon.
             The game lasted 00:03:16 (3355 turns).

SnakkuSnakku7 the Shield-Bearer (GrNe)              Turns: 3355, Time: 00:03:16

Health: 0/26       AC:  5    Str: 13    XL:     4   Next: 61%
Magic:  7/7        EV: 11    Int: 15    God:
Gold:   56         SH:  4    Dex: 10    Spells: 6/7 levels left

rFire    . . .     SeeInvis .   l - +2 flail (drain)
rCold    . . .     Faith    .   c - +0 buckler
rNeg     + . .     Spirit   .   a - +0 robe
rPois    ∞         Reflect  .   (no helmet)
rElec    +         Harm     .   (no cloak)
rCorr    .         Rampage  .   (no gloves)
Will     .....                  (no boots)
Stlth    ++........             (no amulet)
HPRegen  0.08/turn              (no ring)
MPRegen  0.10/turn              (no ring)

@: slowed, very slow
A: sickness immunity, AC +3, negative energy resistance 1, electricity
resistance, torment resistance 1, petrification resistance
a: no special abilities


You were on level 3 of the Dungeon.
You visited 1 branch of the dungeon, and saw 3 of its levels.

You collected 56 gold pieces.

Inventory:

Hand Weapons
 g - a +0 whip
 l - a +2 flail of draining (weapon)
Armour
 a - a +0 robe (worn)
 c - a +0 buckler (worn)
Scrolls
 e - a scroll of enchant weapon {unknown}
 f - a scroll of identify {unknown}
 i - a scroll of teleportation {unknown}
 k - a scroll of fog {unknown}
Potions
 b - a potion of flight {unknown}
 d - a potion of brilliance {unknown}
 h - a potion of heal wounds {unknown}
 j - a potion of degeneration {unknown}


   Skills:
 + Level 1.7 Fighting
 - Level 1.5 Dodging
 - Level 2.1 Stealth
 - Level 4.0 Shields
 - Level 2.0 Spellcasting
 - Level 3.2 Necromancy


You had 6 spell levels left.
You knew the following spells:

 Your Spells              Type           Power      Damage    Failure   Level
a - Pain                  Necr           44%        1d6       6%          1

Your spell library contained the following spells:

 Spells                   Type           Power      Damage    Failure   Level
 Animate Skeleton         Necr           22%        N/A       6%          1
 Vampiric Draining        Necr           5%         2d6       17%         3
 Animate Dead             Necr           5%         N/A       50%         4
 Call Canine Familiar     Summ           1%         N/A       54%         3
 Portal Projectile        Hex/Tloc       2%         N/A       54%         3
 Stone Arrow              Conj/Erth      2%         3d7       54%         3
 Agony                    Necr           11%        N/A       85%         5
 Animate Armour           Summ/Erth      2%         N/A       91%         4
 Leda's Liquefaction      Hex/Erth       0%         N/A       91%         4
 Lehudib's Crystal Spear  Conj/Erth      0%         10d2      100%        8


Dungeon Overview and Level Annotations

Branches:
Dungeon (3/15)

Altars:

Annotations:
D:3 Natasha


Innate Abilities, Weirdness & Mutations

You are immune to sickness and miasma.
Your stone body is resilient. (AC +3)
You are immune to poison.
You resist negative energy. (rN+)
You are resistant to electric shocks. (rElec)
You are resistant to unholy torment.
You are immune to petrification.


Message History

Natasha claws you!
You barely miss Natasha. Natasha misses you.
You closely miss Natasha. Natasha claws you but does no damage.
You hit Natasha.
Natasha is moderately wounded.
Natasha claws you but does no damage.
Natasha stares at you and mumbles some strange words.
You feel yourself slow down.
You closely miss Natasha.
Natasha is moderately wounded.
Natasha misses you. You block Natasha's attack.
You barely miss Natasha.
Natasha is moderately wounded.
Natasha mumbles some strange words.
You block Natasha's attack.
You barely miss Natasha.
Natasha is moderately wounded.
Natasha barely misses you.
The crimson imp blinks!
You block Natasha's attack.
You barely miss Natasha.
Natasha is lightly wounded.
Natasha closely misses you.
Natasha mumbles some strange words.
The crimson imp blinks!
You miss Natasha.
Natasha is lightly wounded.
Natasha claws you.
Natasha stares at you and mumbles some strange words.
The magic dart hits you.
You hit Natasha but do no damage. You drain Natasha.
Natasha is moderately wounded.
Natasha claws you.
* * * LOW HITPOINT WARNING * * *
Natasha casts a spell at you. The magic dart hits you.
* * * LOW HITPOINT WARNING * * *
The crimson imp blinks!
You closely miss Natasha.
Natasha is moderately wounded.
Natasha claws you but does no damage. Natasha claws you.
You die...

#.# ####......#######.#
#.###.........#.....#.#
#.#........<..#.......#
####.#.#..†......#..#.####
...#.#..#.#......#..#...#
...............55....>#.#
##.#.#..#.######.#..#.#.#
#.#.#.....# #.#..#.#.#
#.#.#.....# #@#..#.#.#
#.#.##.##.#####h#..#.#.# #####
#.#.##.#........#..#.#.#####...#
#.#.##.'...§.####..#.#.......#.#
..#.####.....# #..#.#########.#
#.....# #.........#.# ....#...
#########[#.# ######.## #.#.. #.
#.##.


You could see Natasha (drained) and 2 crimson imps.

Vanquished Creatures
  Jessica (D:2)
  2 worms
  A dart slug (D:1)
  An orc (D:3)
  7 endoplasms
  5 giant cockroaches
  4 goblins
  2 hobgoblins (D:1)
  10 jackals
  3 quokkas (D:1)
  A ball python (D:1)
  5 bats
  4 frilled lizards (D:1)
  5 kobolds
  A rat (D:2)
52 creatures vanquished.

Notes
Turn   | Place    | Note
-------+----------+-------------------------------------------
     0 | D:1      | SnakkuSnakku7 the Gargoyle Necromancer began the quest for
                  | the Orb.
     0 | D:1      | Reached XP level 1. HP: 10/10 MP: 3/3
    79 | D:1      | Reached skill level 1 in Shields
   245 | D:1      | Reached XP level 2. HP: 14/15 MP: 3/5
   313 | D:1      | Reached skill level 2 in Shields
   963 | D:1      | Found a faded altar of an unknown god.
   988 | D:1      | Reached XP level 3. HP: 14/19 MP: 6/6
  1230 | D:1      | Reached skill level 3 in Shields
  2745 | D:2      | Noticed Jessica
  2756 | D:2      | Killed Jessica
  2757 | D:2      | Reached skill level 4 in Shields
  2757 | D:2      | Reached skill level 1 in Fighting
  2757 | D:2      | Reached XP level 4. HP: 16/25 MP: 7/7
  3340 | D:3      | Noticed Natasha
  3355 | D:3      | Slain by Natasha

Illustrated notes

Levels and vault maps discovered:
D:1:      dpeg_arrival_rooms_with_view, layout_basic,
          shapermc_ecumenical_altar_mp_highgroup
D:2:      layout_loops_ring, grunt_ministairs_8, uniq_jessica
D:3:      layout_basic, uniq_natasha

Skill      XL: |  1  2  3 |
---------------+----------+-----
Shields        | 1 2 4 |  4.0
Fighting       | 1 |  1.7
Dodging        | |  1.5
Stealth        | |  2.1
Spellcasting   | |  2.0
Necromancy     | |  3.2

Action                   |  1- 3 |  4- 6 || total
-------------------------+-------+-------++-------
Melee: Whip              |   153 |    22 ||   175
       Unarmed           |     4 |       ||     4
       Flail             |       |    19 ||    19
 Cast: Pain              |    36 |     2 ||    38
 Stab: Sleeping          |     3 |       ||     3
Armor: Robe              |    62 |    10 ||    72
Dodge: Dodged            |    96 |    14 ||   110
Block: Buckler           |    40 |     5 ||    45
